 Dungeon Crawl Stone Soup version 0.29.0-4-gdea44cf6ec (webtiles) character file.

Game seed: 17278978396431066302

5 mainiacjoe the Trooper (level 1, 0/39 HPs)
             Began as an Ogre Berserker on Aug 26, 2022.
             Was a Follower of Trog.
             Slain by a ball python (2 damage)
             ... on level 1 of the Dungeon.
             The game lasted 00:00:27 (136 turns).

mainiacjoe the Trooper (Ogre Berserker)              Turns: 136, Time: 00:00:28

Health: 0/39       AC:  3    Str: 20    XL:     1   Next: 80%
Magic:  1/1        EV: 10    Int:  8    God:    Trog [*.....]
Gold:   0          SH:  0    Dex:  8    Spells: 0/0 levels left

rFire   . . .      SeeInvis .   a - +0 mace
rCold   . . .      Faith    .   (no shield)
rNeg    . . .      Spirit   .   b - +0 animal skin
rPois   .          Reflect  .   (helmet restricted)
rElec   .          Harm     .   (no cloak)
rCorr   .          Rampage  .   (gloves unavailable)
Will    .....                   (boots unavailable)
Stlth   ..........              (no amulet)
HPRegen 0.13/turn               (no ring)
MPRegen 0.07/turn               (no ring)

@: berserking, very quick
A: large, unfitting armour, tough skin 1
a: Renounce Religion, Berserk


You were on level 1 of the Dungeon.
You worshipped Trog.
Trog was aware of your devotion.
You visited 1 branch of the dungeon, and saw 1 of its levels.

Inventory:

Hand Weapons
 a - a +0 mace (weapon)
Armour
 b - a +0 animal skin (worn)
Scrolls
 c - a scroll of brand weapon {unknown}
 d - a scroll of summoning {unknown}
Potions
 f - a potion of ambrosia {unknown}
 g - a potion of invisibility {unknown}


   Skills:
 * Level 4.3 Fighting
 + Level 2.8 Maces & Flails
 - Level 2.6 Dodging


You couldn't memorise any spells.
You didn't know any spells.
Your spell library was empty.

Dungeon Overview and Level Annotations

Branches:
Dungeon (1/15)

Altars:


Innate Abilities, Weirdness & Mutations

You are too large for most types of armour.
You have tough skin. (AC +1)


Message History

You barely miss the hobgoblin.
The hobgoblin is heavily wounded.
The hobgoblin closely misses you. The hobgoblin barely misses you.
You sock the hobgoblin!
You kill the hobgoblin!
Trog accepts your kill. The ball python barely misses you.
The endoplasm freezes you.
You are frozen.
You closely miss the ball python.
The ball python bites you but does no damage.
The endoplasm hits you but does no damage.
The ball python bites you but does no damage.
You closely miss the ball python. The endoplasm freezes you.
You are frozen.
The ball python bites you but does no damage.
You barely miss the ball python. The endoplasm freezes you.
You are frozen.
* * * LOW HITPOINT WARNING * * *
The ball python barely misses you. The endoplasm freezes you.
You are frozen.
* * * LOW HITPOINT WARNING * * *
A red film seems to cover your vision as you go berserk!
You feel yourself moving faster!
You feel mighty!
The ball python bites you but does no damage.
The ball python bites you.
* * * LOW HITPOINT WARNING * * *
The endoplasm freezes you.
You are frozen.
* * * LOW HITPOINT WARNING * * *
You bludgeon the endoplasm!!
You kill the endoplasm!
Trog accepts your kill.
You sock the dart slug!
The dart slug is almost dead.
The ball python bites you.
You die...

###. .. ###.. #. #...######
#. #........# #.## #..#####.#
#..# #..#...#.# #######.###
##..+.<.'.#
..........####..##...###
..........KS@..##############
..........###w...............
#.................###########
#.................'..##
.##.........[.....##..#######
#.....##...........^.......
#.####.#.........#^_^##.....
.# #.#..........^^........
........##............


You could see a dart slug, a ball python and a kobold.

Vanquished Creatures
  A bat (D:1)
  An endoplasm (D:1)
  A hobgoblin (D:1)
  2 rats (D:1)
5 creatures vanquished.

Notes
Turn   | Place    | Note
-------+----------+-------------------------------------------
     0 | D:1      | mainiacjoe the Ogre Berserker began the quest for the Orb.
     0 | D:1      | Reached XP level 1. HP: 24/24 MP: 1/1
    19 | D:1      | Found a faded altar of an unknown god.
   136 | D:1      | Slain by a ball python

Illustrated notes

Levels and vault maps discovered:
D:1:      dpeg_arrival_tiny_f, layout_basic, ebering_ecumenical_altar_webs,
          minmay_vboxes

Action                   || total
-------------------------++-------
Melee: Mace              ||    12
Throw: Stone             ||     6
Invok: Berserk           ||     1
Armor: Animal skin       ||     7
Dodge: Dodged            ||    10
